Dungeon Sprint DCSS version 0.18-a0-1180-g64ccc1e (webtiles) character file.

14200000 namelastname112 the Intangible (level 27, -219/247 (249) HPs) Began as a Demonspawn Gladiator on Jan 27, 2016. Was the Champion of Makhleb. Annihilated by a fleshlord ... wielding a +9 great mace (337 damage) ... in the Dungeon (Sprint VIII: "Arena of Blood"). The game lasted 00:04:01 (142 turns). namelastname112 the Intangible (DsGl) Turns: 142, Time: 00:04:01 HP: -219/247 (249)AC: 12 Str: 17 XL: 27 MP: 51/54 EV: 37 Int: 12 God: Makhleb [******] Gold: 0 SH: 4 Dex: 23 Spells: 0 memorised, 80 levels left rFire . . . SeeInvis . k - +∞ Axe of Woe rCold + . . Gourm . a - +0 leather armour rNeg + . . Faith . (shield currently unavailable) rPois . Spirit . b - +0 helmet rElec . Dismiss . (no cloak) rCorr . Reflect . (gloves unavailable) SustAt . Harm . (no boots) MR ++... NoTele + (no amulet) Stlth +++++++++. (no ring) (no ring) @: slowed, very slow, very resistant to hostile enchantments, incredibly stealthy A: claws 3, large bone plates 3, cold resistance 1, icemail, negative energy resistance 1, spiny 3, 50% torment resistance, black mark, freezing cloud immunity a: Minor Destruction, Lesser Servant of Makhleb, Major Destruction, Greater Servant of Makhleb, Renounce Religion You were in the Dungeon. You worshipped Makhleb. Makhleb was exalted by your worship. You were not hungry. You visited 1 branch

Inventory:

Hand Weapons
 k - the +∞ Axe of Woe (weapon)
   (You found it in the Dungeon)
Missiles
 c - 3 throwing nets (quivered)
Armour
 a - a +0 leather armour (worn)
 b - a +0 helmet (worn)
Scrolls
 j - a scroll of blinking
Potions
 e - a potion of curing
 f - a potion of heal wounds
 g - a potion of haste
 h - 2 potions of magic
 i - a potion of berserk rage
Comestibles
 d - a bread ration


   Skills:
 O Level 27 Fighting
 O Level 27 Axes
 O Level 27 Throwing
 O Level 27 Armour
 O Level 27 Dodging
 O Level 27 Stealth
 O Level 27 Unarmed Combat
 O Level 27 Spellcasting
 O Level 27 Invocations


You had 80 spell levels left.
You didn't know any spells.

Dungeon Overview and Level Annotations

Branches:
Dungeon (1/1)

Altars:
Makhleb


Innate Abilities, Weirdness & Mutations

You have claws for hands.
You are completely covered in large bone plates (AC +4, SH +4).
Your flesh is cold resistant.
A meltable icy envelope protects you from harm (AC +0).
You resist negative energy.
You are completely covered in sharp spines.
You are somewhat able to resist unholy torments (1 in 2 success).
Your melee attacks may debilitate your foes.
You are immune to freezing clouds.


Message History

An ogre and a vampire knight come into view.
Unknown command.
Unknown command.
Unknown command. ------------------------------------------------------------------------------ ------------------------------------------------------------------------------ -- The Meatlord has descended... -- ------------------------------------------------------------------------------ ------------------------------------------------------------------------------ You feel something staring at you.
Something smites you!
You hear a shout! x3; You feel something staring at you.
A bolt of fire appears from out of thin air!
Deactivating autopickup; reactivate with Ctrl-A.
The bolt of fire misses you.
The bolt of fire hits the dread.
The meat berserker appears out of thin air!
A meat berserker comes into view. It is wielding a +9 battleaxe.
You hear a shout! x2
The dread calls on the powers of darkness!
Your body is wracked with pain!
The fleshlord convulses!
The meat berserker convulses!
The bag of meat convulses! x2
The fleshlord hits you with a +9 great mace!!!!!!
Ouch! That really hurt!
You die...

..........
#.......# ..
#.......# ..
.§.###.......###...
......).###)%......
#%...%W)%_^).%.....
......#)))))#....{
......#_)<)_# ...
......#%)@))#..%..
#...O%.%p_)).%.V..
...%%&.x###o).%O..
...###.%. §o.###..
. #... .x.# . #.%.
..%# ..... W.. ..
.... o...


You could see The Meatlord (wandering), a destroyer, a fleshlord, a dread, 2
meat berserkers, a small abomination and 2 bags of meat.

Vanquished Creatures
  3 hell knights (D)
  Sigmund (D)
  14 hell beasts (D)
  6 greater mummies (D)
  5 great orbs of eyes (D)
  5 wraiths (D)
  Harold (D)
  8 vampire knights (D)
  40 ogres (D)
  5 liches (D)
  2 hydras (D)
  64 orcs (D)
  6 phantoms (D)
  7 hill giants (D)
  8 skeletal warriors (D)
  4 sea snakes (D)
  6 large abominations (D)
  9 small abominations (D)
  14 crawling corpses (D)
208 creatures vanquished.

Vanquished Creatures (others)
  A great orb of eyes (D)
  A hydra (D)
  5 orcs (D)
  7 crawling corpses (D)
14 creatures vanquished.

Grand Total: 222 creatures vanquished

Notes
Turn   | Place    | Note
--------------------------------------------------------------
     0 | D        | namelastname112 the Demonspawn Gladiator began the quest for the Orb.
     0 | D        | Reached XP level 1. HP: 16/16 MP: 1/1
     3 | D        | Noticed a bag of meat
     4 | D        | Became a worshipper of Makhleb the Destroyer
     6 | D        | Noticed a meat berserker
     7 | D        | Noticed a bag of meat
     9 | D        | Noticed a meat berserker
    11 | D        | Killed a meat berserker
    11 | D        | Reached skill level 12 in Fighting
    11 | D        | Reached skill level 18 in Dodging
    11 | D        | Gained mutation: You are partially covered in sharp spines. [demonic ancestry]
    11 | D        | Reached XP level 2. HP: 19/38 MP: 2/2
    11 | D        | Gained mutation: Your flesh is cold resistant. [demonic ancestry]
    11 | D        | Reached XP level 3. HP: 22/44 MP: 3/3
    11 | D        | Reached XP level 4. HP: 25/51 MP: 4/4
    11 | D        | Gained mutation: You are partially covered in large bone plates (AC +2, SH +2). [demonic ancestry]
    11 | D        | Reached XP level 5. HP: 27/57 MP: 5/5
    11 | D        | Gained mutation: You have sharp fingernails. [demonic ancestry]
    11 | D        | Reached XP level 6. HP: 30/64 MP: 6/6
    11 | D        | Gained mutation: You are mostly covered in large bone plates (AC +3, SH +3). [demonic ancestry]
    11 | D        | Reached XP level 7. HP: 32/70 MP: 7/7
    11 | D        | Gained mutation: You are mostly covered in sharp spines. [demonic ancestry]
    11 | D        | Reached XP level 8. HP: 34/76 MP: 8/8
    11 | D        | Gained mutation: You are completely covered in large bone plates (AC +4, SH +4). [demonic ancestry]
    11 | D        | Reached XP level 9. HP: 36/82 MP: 9/9
    11 | D        | Reached XP level 10. HP: 39/89 MP: 10/10
    11 | D        | Gained mutation: You have very sharp fingernails. [demonic ancestry]
    11 | D        | Reached XP level 11. HP: 41/95 MP: 11/11
    11 | D        | Reached XP level 12. HP: 44/102 MP: 12/12
    11 | D        | Reached XP level 13. HP: 46/108 MP: 13/13
    12 | D        | Noticed a meat berserker
    12 | D        | Killed a meat berserker
    12 | D        | Reached * piety under Makhleb
    12 | D        | Reached skill level 21 in Dodging
    12 | D        | Reached XP level 14. HP: 27/119 MP: 14/14
    13 | D        | Noticed a meat berserker
    13 | D        | Killed a bag of meat
    13 | D        | Reached skill level 22 in Dodging
    13 | D        | Noticed a bag of meat
    14 | D        | Noticed a meat berserker
    14 | D        | Noticed a bag of meat
    14 | D        | Killed a meat berserker
    14 | D        | Reached ** piety under Makhleb
    14 | D        | Reached skill level 5 in Axes
    14 | D        | Reached skill level 24 in Dodging
    14 | D        | Gained mutation: You resist negative energy. [demonic ancestry]
    14 | D        | Reached XP level 15. HP: 29/131 MP: 15/15
    14 | D        | Killed a meat berserker
    14 | D        | Reached skill level 15 in Throwing
    14 | D        | Reached skill level 25 in Dodging
    14 | D        | Reached skill level 26 in Unarmed Combat
    14 | D        | Gained mutation: You have claws for hands. [demonic ancestry]
    14 | D        | Reached XP level 16. HP: 102/141 MP: 16/16
    15 | D        | Noticed a meat berserker
    16 | D        | Noticed a meat berserker
    16 | D        | Noticed a meat berserker
    16 | D        | Killed a meat berserker
    16 | D        | Reached *** piety under Makhleb
    16 | D        | Reached skill level 27 in Dodging
    16 | D        | Reached skill level 27 in Unarmed Combat
    17 | D        | Killed a meat berserker
    17 | D        | Gained mutation: You are completely covered in sharp spines. [demonic ancestry]
    17 | D        | Reached XP level 17. HP: 153/162 MP: 17/17
    18 | D        | Killed a meat berserker
    18 | D        | Reached skill level 15 in Axes
    18 | D        | Reached **** piety under Makhleb
    18 | D        | Gained mutation: You are immune to freezing clouds. [demonic ancestry]
    18 | D        | Reached XP level 18. HP: 175/179 MP: 18/18
    20 | D        | Noticed a meat berserker
    20 | D        | Killed a meat berserker
    20 | D        | Reached ***** piety under Makhleb
    20 | D        | Reached skill level 27 in Fighting
    21 | D        | Reached XP level 19. HP: 187/189 MP: 19/19
    22 | D        | Noticed a meat berserker
    22 | D        | Noticed a large bag of meat
    24 | D        | Killed a meat berserker
    24 | D        | Reached skill level 27 in Axes
    24 | D        | Reached skill level 27 in Throwing
    25 | D        | Noticed a large bag of meat
    25 | D        | Reached ****** piety under Makhleb
    25 | D        | Reached skill level 10 in Stealth
    25 | D        | Reached XP level 20. HP: 197/197 MP: 19/33
    25 | D        | Reached skill level 15 in Invocations
    26 | D        | Noticed an eight-headed meat hydra
    27 | D        | Killed a meat berserker
    28 | D        | Noticed a meat berserker
    30 | D        | Reached skill level 27 in Armour
    30 | D        | Reached XP level 21. HP: 199/204 MP: 20/36
    31 | D        | Noticed a destroyer
    31 | D        | Reached skill level 15 in Stealth
    32 | D        | Reached skill level 15 in Spellcasting
    34 | D        | Noticed a destroyer
    34 | D        | Noticed a destroyer
    35 | D        | Killed a destroyer
    35 | D        | Reached skill level 27 in Invocations
    35 | D        | Gained mutation: You are somewhat able to resist unholy torments (1 in 2 success). [demonic ancestry]
    35 | D        | Reached XP level 22. HP: 212/212 MP: 21/48
    36 | D        | Noticed a destroyer
    36 | D        | Reached skill level 27 in Stealth
    36 | D        | Reached skill level 27 in Spellcasting
    38 | D        | Gained mutation: Your melee attacks may debilitate your foes. [demonic ancestry]
    38 | D        | Reached XP level 23. HP: 219/219 MP: 21/54
    40 | D        | Killed a destroyer
    41 | D        | Killed a destroyer
    41 | D        | Reached XP level 24. HP: 227/227 MP: 22/54
    46 | D        | Killed a destroyer
    47 | D        | Reached XP level 25. HP: 234/234 MP: 24/54
    49 | D        | Noticed a destroyer
    50 | D        | Noticed a tyrant
    52 | D        | Killed a destroyer
    52 | D        | Reached XP level 26. HP: 242/242 MP: 25/54
    56 | D        | Noticed an accursed
    57 | D        | Noticed an accursed
    59 | D        | Noticed a destroyer
    59 | D        | Gained mutation: A meltable icy envelope protects you from harm (AC +0). [demonic ancestry]
    59 | D        | Reached XP level 27. HP: 238/249 MP: 27/54
    64 | D        | Noticed a meat beast
    64 | D        | Killed a tyrant
    65 | D        | Noticed a dread
    66 | D        | Noticed The Servant
    67 | D        | Killed a destroyer
    67 | D        | Killed an accursed
    68 | D        | Noticed a tyrant
    68 | D        | Killed a meat beast
    69 | D        | Noticed a meat beast
    69 | D        | Noticed a meat beast
    71 | D        | Noticed a dread
    72 | D        | Killed an accursed
    72 | D        | Killed a meat beast
    73 | D        | Noticed a dread
    74 | D        | Noticed a destroyer
    74 | D        | Killed a meat beast
    74 | D        | Killed The Servant
    75 | D        | Noticed a dread
    75 | D        | Noticed The Captor
    76 | D        | Noticed a meat beast
    76 | D        | Killed a dread
    79 | D        | Noticed an accursed
    79 | D        | Noticed a meat beast
    80 | D        | Killed The Captor
    82 | D        | Noticed a meat beast
    82 | D        | Killed a meat beast
    83 | D        | Killed a meat beast
    83 | D        | Killed a meat beast
    84 | D        | Noticed a destroyer
    84 | D        | Killed a dread
    85 | D        | Killed a destroyer
    85 | D        | Killed a tyrant
    87 | D        | Killed a destroyer
    90 | D        | Noticed a meat beast
    91 | D        | Noticed a tyrant
    91 | D        | Killed a dread
    91 | D        | Killed an accursed
    93 | D        | Killed a tyrant
    94 | D        | Killed a meat beast
    96 | D        | Noticed a tyrant
    99 | D        | Killed a dread
   101 | D        | Noticed an accursed
   102 | D        | Noticed a meat beast
   103 | D        | Noticed a meat beast
   105 | D        | Killed a meat beast
   106 | D        | Noticed an accursed
   107 | D        | Noticed a meat beast
   109 | D        | Killed a meat beast
   111 | D        | Noticed a meat beast
   113 | D        | Killed a tyrant
   114 | D        | Killed a meat beast
   117 | D        | Killed an accursed
   118 | D        | Noticed a fleshlord
   120 | D        | Killed a meat beast
   121 | D        | Noticed a meat beast
   121 | D        | Noticed a fleshlord
   122 | D        | Killed a fleshlord
   122 | D        | Noticed a fleshlord
   125 | D        | Noticed a tyrant
   125 | D        | Noticed a meat beast
   125 | D        | Noticed an accursed
   125 | D        | Killed a meat beast
   127 | D        | Killed a meat beast
   128 | D        | Noticed a dread
   128 | D        | Killed a fleshlord
   129 | D        | Killed a fleshlord
   133 | D        | Noticed a meat beast
   133 | D        | Killed a tyrant
   136 | D        | Killed an accursed
   136 | D        | Killed a meat beast
   138 | D        | Killed an accursed
   140 | D        | Noticed a dread
   141 | D        | Noticed a fleshlord
   141 | D        | Killed a dread
   142 | D        | Noticed a destroyer
   142 | D        | Annihilated by a fleshlord

Vault maps used:
D:        meatsprint

Action                   |  1- 3 |  4- 6 |  7- 9 | 10-12 | 13-15 | 16-18 | 19-21 | 22-24 | 25-27 || total
-------------------------+-------+-------+-------+-------+-------+-------+-------+-------+-------++-------
Melee: Executioner's axe |     1 |       |       |       |     3 |     6 |    12 |    10 |    74 ||   106
